 Dungeon Crawl Stone Soup version 0.30-a0-458-g86641cc369 (webtiles) character file.

Game seed: 15431942151494647391

634 cforsyth the Shield-Bearer (level 7, -6/70 HPs)
             Began as a Troll Fighter on Dec 14, 2022.
             Mangled by an orc warrior
             ... wielding a +0 scimitar
              (15 damage)
             ... on level 5 of the Dungeon.
             The game lasted 00:06:45 (3884 turns).

cforsyth the Shield-Bearer (Troll Fighter)          Turns: 3884, Time: 00:06:46

Health: -6/70      AC:  5    Str: 25    XL:     7   Next: 25%
Magic:  6/6        EV:  9    Int:  6    God:
Gold:   368        SH:  8    Dex:  9    Spells: 6/6 levels left

rFire   . . .      SeeInvis .      - Unarmed
rCold   . . .      Faith    .    b - +0 kite shield
rNeg    . . .      Spirit   .    a - +0 robe
rPois   .          Reflect  .    (helmet restricted)
rElec   .          Harm     .    t - +0 cloak
rCorr   .          Rampage  .    (gloves unavailable)
Will    .....                    (boots unavailable)
Stlth   +.........               (no amulet)
HPRegen 1.11/turn                (no ring)
MPRegen 0.10/turn                (no ring)

@: mighty
A: large, unfitting armour, claws 3, regeneration 1, shaggy fur 1, tough skin 1
a: no special abilities


You were on level 5 of the Dungeon.
You visited 1 branch of the dungeon, and saw 6 of its levels.

You collected 368 gold pieces.

Inventory:

Armour
 a - a +0 robe (worn)
 b - a +0 kite shield (worn)
 t - a +0 cloak (worn)
Jewellery
 s - a +6 ring of intelligence
Wands
 r - a wand of polymorph (9)
Scrolls
 e - 9 scrolls of identify {unknown}
 g - 3 scrolls of vulnerability
 i - 3 scrolls of teleportation {unknown}
 m - a scroll of fog {unknown}
 n - 3 scrolls of enchant armour {unknown}
 o - 2 scrolls of immolation {unknown}
 p - 3 scrolls of enchant weapon
 v - a scroll of brand weapon {unknown}
 x - a scroll of noise {unknown}
 y - a scroll of magic mapping {unknown}
Potions
 d - 4 potions of heal wounds {unknown}
 f - a potion of attraction {unknown}
 h - a potion of flight {unknown}
 j - a potion of lignification {unknown}
 k - 2 potions of ambrosia {unknown}
 l - a potion of haste {unknown}
 q - 4 potions of curing {unknown}
 u - a potion of brilliance {unknown}
 w - a potion of magic {unknown}


   Skills:
 + Level 4.0 Fighting
 + Level 4.0 Dodging
 + Level 4.4 Shields
 + Level 4.3 Unarmed Combat


You had 6 spell levels left.
You didn't know any spells.
Your spell library contained the following spells:

 Spells                   Type           Power      Damage    Failure   Level
 Magic Dart               Conj           0%         1d3       75%         1
 Sting                    Tmut/Pois      0%         1d3       75%         1
 Call Imp                 Summ           0%         N/A       86%         2
 Poisonous Vapours        Pois/Air       0%         N/A       86%         2
 Mephitic Cloud           Conj/Pois/Air  0%         N/A       98%         3
 Olgreb's Toxic Radiance  Pois           0%         N/A       100%        4
 Borgnjor's Revivificati  Necr           0%         N/A       100%        8
 Necromutation            Tmut/Necr      0%         N/A       100%        8
 Death's Door             Necr           0%         N/A       100%        9


Dungeon Overview and Level Annotations

Branches:
Dungeon (6/15)
 Temple: D:4-7

Altars:
Gozag
Qazlal

Shops:
D:2 !


Innate Abilities, Weirdness & Mutations

You are too large for most types of armour.
You have claws for hands.
Your natural rate of healing is unusually fast.
You are covered in fur. (AC +1)
You have tough skin. (AC +1)


Message History

You block the orc warrior's attack.
You closely miss the orc warrior. You block the orc warrior's attack.
You barely miss the orc warrior.
The orc warrior hits you but does no damage.
You claw the orc warrior!
The orc warrior is moderately wounded.
You block the orc warrior's attack.
You closely miss the orc warrior.
The orc warrior is moderately wounded.
You block the orc warrior's attack.
You closely miss the orc warrior.
The orc warrior is moderately wounded.
The orc warrior completely misses you.
You barely miss the orc warrior.
The orc warrior is moderately wounded.
The orc warrior hits you with a +0 scimitar!
You scratch the orc warrior but do no damage.
The orc warrior is moderately wounded.
The orc warrior hits you with a +0 scimitar!
* * * LOW HITPOINT WARNING * * *
You feel very mighty all of a sudden.
The orc warrior hits you with a +0 scimitar.
* * * LOW HITPOINT WARNING * * *
You scratch the orc warrior.
The orc warrior is heavily wounded.
The orc warrior hits you but does no damage.
You scratch the orc warrior but do no damage.
The orc warrior is heavily wounded.
The orc warrior hits you but does no damage.
You scratch the orc warrior.
The orc warrior is heavily wounded.
The orc warrior hits you with a +0 scimitar!
* * * LOW HITPOINT WARNING * * *
You claw the orc warrior!
The orc warrior is almost dead.
The orc warrior closely misses you.
You completely miss the orc warrior.
The orc warrior is almost dead.
The orc warrior hits you with a +0 scimitar!
You die...

######### #.......#
#...[...#
###.......########
................>#######
################)#.....#
#o#.###.# ##########
#@#.# #.# .........#
#.#.# #.# .........#
#.#.###.# .........#
#.......# .........#
#.#.##### .........#
#.#.# ##+####### #.#.#
......)..# #.#.#
.[.......# #.#.#


You could see an orc warrior.

Vanquished Creatures
  2 ogres (D:5)
  A phantom (D:4)
  A necrophage (D:5)
  A howler monkey (D:5)
  2 gnoll boudas (D:5)
  An iguana (D:5)
  6 gnolls
  5 adders
  A white imp (D:5)
  2 dart slugs (D:4)
  9 orcs
  7 ball pythons
  7 bats
  2 endoplasms
  A giant cockroach (D:1)
  10 goblins
  7 hobgoblins
  8 jackals
  A quokka (D:2)
  3 frilled lizards
  7 kobolds
  5 rats
89 creatures vanquished.

Notes
Turn   | Place    | Note
-------+----------+-------------------------------------------
     0 | D:1      | cforsyth the Troll Fighter began the quest for the Orb.
     0 | D:1      | Reached XP level 1. HP: 22/22 MP: 0/0
   322 | D:1      | Reached XP level 2. HP: 29/29 MP: 1/1
   557 | D:1      | Found a faded altar of an unknown god.
   875 | D:2      | Found Rizxur's Distillery.
   924 | D:2      | Reached XP level 3. HP: 24/36 MP: 2/2
  1282 | D:3      | Found an opulent altar of Gozag.
  1539 | D:3      | Reached XP level 4. HP: 44/44 MP: 3/3
  1745 | D:4      | Noticed a phantom
  1761 | D:4      | Killed a phantom
  1762 | D:4      | Reached XP level 5. HP: 46/53 MP: 4/4
  1835 | D:4      | Found a stormy altar of Qazlal.
  2357 | D:5      | Entered Level 5 of the Dungeon
  2742 | D:5      | Noticed an ogre
  2747 | D:5      | Killed an ogre
  2748 | D:5      | Reached XP level 6. HP: 35/61 MP: 5/5
  3489 | D:5      | Reached XP level 7. HP: 59/68 MP: 6/6
  3884 | D:5      | Mangled by an orc warrior

Illustrated notes

Levels and vault maps discovered:
D:1:      psy_arrival_conway, layout_basic, dilly_ecumenical_altar_fadedgnrine,
          minmay_pentomino_t4
D:2:      layout_rooms, serial_shops, nicolae_shop_advertising_works
          [nicolae_subvault_shop_adworks], minmay_fractal_squares_5
D:3:      layout_loops_ring, grunt_gozag_statues
D:4:      layout_loops_ring, grunt_qazlal_clouds
D:5:      layout_basic, serial_glass, glass_columns_b, glass_columns_a
D:6:      layout_rooms, gammafunk_temple_overflow_statue,
          minmay_temple_entry_waves

Skill      XL: |  1  2  3  4  5  6  7 |
---------------+----------------------+-----
Shields        | 3 4 |  4.4
Fighting       | 3 4 |  4.0
Dodging        | 3 4 |  4.0
Unarmed Combat | 3 4 |  4.3

Action                   |  1- 3 |  4- 6 |  7- 9 || total
-------------------------+-------+-------+-------++-------
Melee: Unarmed           |   167 |   113 |    53 ||   333
  Use: Scroll            |       |     2 |       ||     2
       Potion            |       |       |     1 ||     1
Armor: Robe              |    47 |    29 |    10 ||    86
Dodge: Dodged            |    48 |    43 |    17 ||   108
Block: Kite shield       |    51 |    35 |    26 ||   112

Table legend: (Time is in decaauts)
 A = Elapsed time spent in this place.
 B = Non-inter-level travel time spent in this place.
 C = Inter-level travel time spent in this place.
 D = Time resting spent in this place.
 E = Time spent auto-exploring this place.
 F = Levels seen in this place.
 G = Mean time per level.
                   A        B        C        D        E       F      G
               +--------+--------+--------+--------+--------+-----+--------+
         Total |   3912 |   3844 |     68 |    343 |   2623 |   6 |  652.0 |
       Dungeon |   3912 |   3844 |     68 |    343 |   2623 |   6 |  652.0 |
               +--------+--------+--------+--------+--------+-----+--------+

Top non-repeatable levels by time:
     D:5: 1475 daAuts
     D:1: 752 daAuts
     D:4: 633 daAuts
     D:3: 530 daAuts
     D:2: 457 daAuts
     D:6: 62 daAuts
